MLB
SAN FRANCISCO GIANTS @ LAS VEGAS HUSTLE
08/30/2098
 
TOP OF THE 1ST
San Francisco Giants batting - Pitching for Las Vegas Hustle : RHP Nick Hof
Pitching: RHP Nick Hof
Batting: RHB Erik Mulloy 0-0: Ball
1-0: Ball
2-0: Ground out 4-3 (Groundball, 4D, EV 99.4 MPH)
Batting: RHB Masataka Kato 0-0: Ball
1-0: Foul Ball, location: 2F
1-1: Ground out 6-3 (Groundball, 6, EV 85.0 MPH)
Batting: LHB Daniel Cipolla 0-0: Ball
1-0: Foul Ball, location: 9LMF
1-1: Ball
2-1: Swinging Strike
2-2: Ball
3-2: Base on Balls
Batting: RHB David Bishop 0-0: Ball
1-0: Ball
2-0: Ball
3-0: Base on Balls
Daniel Cipolla to second
Batting: LHB Kevin Shaw 0-0: Ball
1-0: Fly out, F9 (Flyball, 89M, EV 87.5 MPH)
Top of the 1st over - 0 runs, 0 hits, 0 errors, 2 left on base; San Francisco 0 - Las Vegas 0
BOTTOM OF THE 1ST
Las Vegas Hustle batting - Pitching for San Francisco Giants : RHP Rick Rudd
Pitching: RHP Rick Rudd
Batting: LHB Steve Lawler 0-0: Ball
1-0: Fly out, F4 (Popup, 4MD, EV 41.3 MPH)
Batting: RHB Rick Roberds 0-0: Ball
1-0: Ground out 1-3 (Groundball, 15, EV 66.9 MPH)
Batting: RHB Tony Ledezma 0-0: Foul Ball, location: 2F
0-1: Ball
1-1: Swinging Strike
1-2: Strikes out swinging
Bottom of the 1st over - 0 runs, 0 hits, 0 errors, 0 left on base; San Francisco 0 - Las Vegas 0
TOP OF THE 2ND
San Francisco Giants batting - Pitching for Las Vegas Hustle : RHP Nick Hof
Batting: RHB Danny Bute 0-0: Ball
1-0: Called Strike
1-1: Foul Ball, location: 5FF
1-2: Foul Ball, location: 2F
1-2: Foul Ball, location: 9LSF
1-2: Ball
2-2: Strikes out swinging
Batting: LHB Lindsay Foreman 0-0: Foul Ball, location: 2F
0-1: Foul Ball, location: 7LDF
0-2: Strikes out swinging
Batting: RHB Kevin Mosemann 0-0: Called Strike
0-1: Ball
1-1: Swinging Strike
1-2: Ball
2-2: Ball
3-2: Fly out, F8 (Flyball, 8RD, EV 108.1 MPH)
Top of the 2nd over - 0 runs, 0 hits, 0 errors, 0 left on base; San Francisco 0 - Las Vegas 0
BOTTOM OF THE 2ND
Las Vegas Hustle batting - Pitching for San Francisco Giants : RHP Rick Rudd
Batting: RHB John Conway 0-0: Ball
1-0: Foul Ball, location: 25F
1-1: Foul Ball, location: 5FF
1-2: Ground out 6-3 (Groundball, 6, EV 106.9 MPH)
Batting: RHB Clint Hurley 0-0: Called Strike
0-1: Ball
1-1: Ball
2-1: TRIPLE (Groundball, 5L, EV 101.3 MPH)
Batting: LHB Yazid Deacon 0-0: SINGLE (Line Drive, 78S, EV 101.9 MPH)
Clint Hurley scores
Batting: SHB Josh Osborne 0-0: Swinging Strike
0-1: Ball
1-1: Ground out 4-3 (Groundball, 34D, EV 108.8 MPH)
Yazid Deacon to second
Batting: SHB Jose Espinoza 0-0: Ball
1-0: Called Strike
1-1: Foul Ball, location: 2F
1-2: Ball
2-2: DOUBLE (Flyball, 8RXD, EV 98.1 MPH)
Yazid Deacon scores
Batting: RHB Jeff Loggins 0-0: Ball
1-0: Swinging Strike
1-1: Foul Ball, location: 2F
1-2: Strikes out swinging
Bottom of the 2nd over - 2 runs, 3 hits, 0 errors, 1 left on base; San Francisco 0 - Las Vegas 2
TOP OF THE 3RD
San Francisco Giants batting - Pitching for Las Vegas Hustle : RHP Nick Hof
Batting: RHB Dave Melton 0-0: Called Strike
0-1: SINGLE (Groundball, 6MD, EV 97.5 MPH)
Batting: RHB Erik Mulloy 0-0: Ball
1-0: Ball
2-0: Foul Ball, location: 7LSF
2-1: Grounds into double play, 5-4-3 (Groundball, 56, EV 105.0 MPH)
Batting: RHB Masataka Kato 0-0: Ball
1-0: Foul Ball, location: 25F
1-1: Swinging Strike
1-2: Ball
2-2: Fly out, F8 (Flyball, 8RXD, EV 95.6 MPH)
Top of the 3rd over - 0 runs, 1 hit, 0 errors, 0 left on base; San Francisco 0 - Las Vegas 2
BOTTOM OF THE 3RD
Las Vegas Hustle batting - Pitching for San Francisco Giants : RHP Rick Rudd
Batting: LHB Steve Lawler 0-0: Ball
1-0: SINGLE (Groundball, 23, EV 75.0 MPH) (infield hit)
Batting: RHB Rick Roberds 0-0: Swinging Strike
0-1: Fly out, F7 (Line Drive, 7, EV 90.6 MPH)
Batting: RHB Tony Ledezma 0-0: Ball
1-0: Fly out, F8 (Flyball, 8RM, EV 93.1 MPH)
Batting: RHB John Conway 0-0: Called Strike
0-1: Fly out, F9 (Flyball, 9S, EV 85.0 MPH)
Bottom of the 3rd over - 0 runs, 1 hit, 0 errors, 1 left on base; San Francisco 0 - Las Vegas 2
TOP OF THE 4TH
San Francisco Giants batting - Pitching for Las Vegas Hustle : RHP Nick Hof
Batting: LHB Daniel Cipolla 0-0: Called Strike
0-1: Swinging Strike
0-2: Ball
1-2: Foul Ball, location: 2F
1-2: Foul Ball, location: 2F
1-2: Ball
2-2: Fly out, F9 (Line Drive, 9, EV 101.9 MPH)
Batting: RHB David Bishop 0-0: Ball
1-0: Called Strike
1-1: Swinging Strike
1-2: Ball
2-2: SINGLE (Line Drive, 89S, EV 86.3 MPH)
Batting: LHB Kevin Shaw 0-0: Foul Ball, location: 2F
0-1: Ball
1-1: Foul Ball, location: 3FF
1-2: Foul Ball, location: 2F
1-2: Foul Ball, location: 2F
1-2: Ball
2-2: Ball
3-2: Fly out, F8 (Flyball, 8RD, EV 87.5 MPH)
Batting: RHB Danny Bute 0-0: Called Strike
0-1: DOUBLE (Flyball, 78XD, EV 99.4 MPH)
David Bishop to third
Batting: LHB Lindsay Foreman 0-0: Ground out 6-3 (Groundball, 6, EV 85.0 MPH)
Top of the 4th over - 0 runs, 2 hits, 0 errors, 2 left on base; San Francisco 0 - Las Vegas 2
BOTTOM OF THE 4TH
Las Vegas Hustle batting - Pitching for San Francisco Giants : RHP Rick Rudd
Batting: RHB Clint Hurley 0-0: Called Strike
0-1: Foul Ball, location: 2F
0-2: Ball
1-2: Ball
2-2: Ball
3-2: Ground out 6-3 (Groundball, 6, EV 85.6 MPH)
Batting: LHB Yazid Deacon 0-0: Ball
1-0: Ball
2-0: DOUBLE (Line Drive, 89M, EV 99.4 MPH)
Batting: SHB Josh Osborne 0-0: Ball
1-0: 2-RUN HOME RUN (Flyball, 9LD, EV 95.0 MPH), Distance : 346 ft
Batting: SHB Jose Espinoza 0-0: Called Strike
0-1: Ball
1-1: Foul Ball, location: 2F
1-2: Foul Ball, location: 2F
1-2: Strikes out swinging, 2-3 out at first.
Batting: RHB Jeff Loggins 0-0: Called Strike
0-1: Swinging Strike
0-2: Ball
1-2: Ball
2-2: Ball
3-2: Base on Balls
Batting: LHB Steve Lawler 0-0: DOUBLE (Line Drive, 3D, EV 98.8 MPH)
Jeff Loggins to third
Batting: RHB Rick Roberds 0-0: DOUBLE (Flyball, 89D, EV 103.8 MPH)
Jeff Loggins scores
Steve Lawler scores
Pitching: RHP Ivan Vidales
Batting: RHB Tony Ledezma 0-0: Called Strike
0-1: Swinging Strike
0-2: Foul Ball, location: 2F
0-2: Foul Ball, location: 5DF
0-2: Foul Ball, location: 9LDF
0-2: Ball
1-2: DOUBLE (Line Drive, 89D, EV 103.8 MPH)
Rick Roberds scores
Batting: RHB John Conway 0-0: Ball
1-0: Ground out 1-3 (Groundball, 15S, EV 73.8 MPH)
Bottom of the 4th over - 5 runs, 5 hits, 0 errors, 1 left on base; San Francisco 0 - Las Vegas 7
TOP OF THE 5TH
San Francisco Giants batting - Pitching for Las Vegas Hustle : RHP Nick Hof
Batting: RHB Kevin Mosemann 0-0: Called Strike
0-1: Ball
1-1: SOLO HOME RUN (Flyball, 78XD, EV 105.0 MPH), Distance : 398 ft
Batting: RHB Dave Melton 0-0: Ball
1-0: Ball
2-0: Foul Ball, location: 2F
2-1: Ball
3-1: Foul Ball, location: 23F
3-2: Strikes out swinging, 2-3 out at first.
Batting: RHB Erik Mulloy 0-0: Ball
1-0: Foul Ball, location: 2F
1-1: Ball
2-1: Foul Ball, location: 25F
2-2: Foul Ball, location: 23F
2-2: Ball
3-2: Base on Balls
Batting: RHB Masataka Kato 0-0: Ball
1-0: Ball
2-0: Called Strike
2-1: Foul Ball, location: 3SF
2-2: Fly out, F7 (Flyball, 7, EV 88.8 MPH)
Batting: LHB Daniel Cipolla 0-0: Called Strike
0-1: SINGLE (Line Drive, 4MD, EV 96.3 MPH)
Erik Mulloy to second
Runner from 2nd tries for 3rd, SAFE, no throw by CF
Batting: RHB David Bishop 0-0: Ball
1-0: Called Strike
1-1: Fly out, F9 (Flyball, 9, EV 85.6 MPH)
Top of the 5th over - 1 run, 2 hits, 0 errors, 2 left on base; San Francisco 1 - Las Vegas 7
BOTTOM OF THE 5TH
Las Vegas Hustle batting - Pitching for San Francisco Giants : RHP Ivan Vidales
Batting: RHB Clint Hurley 0-0: Ball
1-0: Called Strike
1-1: Ball
2-1: Swinging Strike
2-2: Foul Ball, location: 5FF
2-2: Strikes out swinging
Batting: LHB Yazid Deacon 0-0: Ball
1-0: Swinging Strike
1-1: Swinging Strike
1-2: Ball
2-2: Foul Ball, location: 7LDF
2-2: Foul Ball, location: 23F
2-2: Foul Ball, location: 7LMF
2-2: Foul Ball, location: 2F
2-2: Ball
3-2: Fly out, F8 (Flyball, 8LD, EV 79.4 MPH)
Batting: SHB Josh Osborne 0-0: Ball
1-0: Ball
2-0: Foul Ball, location: 5DF
2-1: Ball
3-1: Foul Ball, location: 3DF
3-2: Foul Ball, location: 25F
3-2: Strikes out looking
Bottom of the 5th over - 0 runs, 0 hits, 0 errors, 0 left on base; San Francisco 1 - Las Vegas 7
TOP OF THE 6TH
San Francisco Giants batting - Pitching for Las Vegas Hustle : RHP Nick Hof
Batting: LHB Kevin Shaw 0-0: Ball
1-0: Foul Ball, location: 25FF
1-1: Ball
2-1: Foul Ball, location: 5FF
2-2: Foul Ball, location: 7LMF
2-2: Foul Ball, location: 2F
2-2: Foul Ball, location: 3F
2-2: Ball
3-2: Fly out, F4 (Popup, 4MD, EV 57.5 MPH)
Pitching: RHP Bill Grow
Batting: RHB Danny Bute 0-0: Ball
1-0: Ground out 3-1 (Groundball, 13, EV 82.5 MPH)
Batting: LHB Lindsay Foreman 0-0: Ball
1-0: Ball
2-0: Swinging Strike
2-1: Ground out 6-3 (Groundball, 6, EV 83.8 MPH)
Top of the 6th over - 0 runs, 0 hits, 0 errors, 0 left on base; San Francisco 1 - Las Vegas 7
BOTTOM OF THE 6TH
Las Vegas Hustle batting - Pitching for San Francisco Giants : RHP Ivan Vidales
Batting: SHB Jose Espinoza 0-0: Swinging Strike
0-1: Swinging Strike
0-2: Strikes out swinging
Batting: RHB Jeff Loggins 0-0: Called Strike
0-1: Ground out 5-3 (Groundball, 5, EV 82.5 MPH)
Batting: LHB Steve Lawler 0-0: Called Strike
0-1: Ball
1-1: Ball
2-1: Called Strike
2-2: Ball
3-2: Foul Ball, location: 2F
3-2: Base on Balls
Batting: RHB Rick Roberds 0-0: Called Strike
0-1: Ball
1-1: Fly out, F6 (Line Drive, 6, EV 67.5 MPH)
Bottom of the 6th over - 0 runs, 0 hits, 0 errors, 1 left on base; San Francisco 1 - Las Vegas 7
TOP OF THE 7TH
San Francisco Giants batting - Pitching for Las Vegas Hustle : RHP Bill Grow
Pinch Hitting: LHB Ernesto Pelayo 0-0: Ball
1-0: Foul Ball, location: 5F
1-1: Ball
2-1: SOLO HOME RUN (Flyball, 7LD, EV 96.3 MPH), Distance : 369 ft
Batting: RHB Dave Melton 0-0: Called Strike
0-1: Called Strike
0-2: Ball
1-2: Ball
2-2: SINGLE (Line Drive, 3D, EV 107.5 MPH)
Batting: RHB Erik Mulloy 0-0: Foul Ball, location: 2F
0-1: Ball
1-1: Ball
2-1: Fly out, F8 (Line Drive, 8LD, EV 85.0 MPH)
Batting: RHB Masataka Kato 0-0: Ball
Dave Melton steals 2nd base
1-0: Ball
2-0: Ball
3-0: Called Strike
3-1: Base on Balls
Batting: LHB Daniel Cipolla 0-0: Ball
1-0: Ball
2-0: Called Strike
2-1: Foul Ball, location: 7LMFF
2-2: Fly out, F9 (Flyball, 89M, EV 92.5 MPH)
Pitching: RHP Adam Gilles
Pinch Hitting: SHB Josh Packard 0-0: Called Strike
0-1: Fly out, F9 (Flyball, 9D, EV 81.3 MPH)
Top of the 7th over - 1 run, 2 hits, 0 errors, 2 left on base; San Francisco 2 - Las Vegas 7
BOTTOM OF THE 7TH
Las Vegas Hustle batting - Pitching for San Francisco Giants : RHP Ivan Vidales
Pitching: RHP Adam Newman
Now at 2B: Erik Mulloy
Now at 3B: Josh Packard
Now at SS: Bryce Bissinger
Batting: RHB Tony Ledezma 0-0: Ball
1-0: Ball
2-0: Foul Ball, location: 7LSF
2-1: Swinging Strike
2-2: Ball
3-2: Base on Balls
Batting: RHB John Conway 0-0: Ball
1-0: Ball
2-0: Called Strike
2-1: Foul Ball, location: 7LSF
2-2: Foul Ball, location: 23F
2-2: Fly out, F7 (Line Drive, 8LM, EV 89.4 MPH)
Batting: RHB Clint Hurley 0-0: Foul Ball, location: 2F
0-1: Called Strike
0-2: Foul Ball, location: 2F
0-2: Strikes out swinging
Pitching: LHP Nate Torgerson
Batting: LHB Yazid Deacon 0-0: Swinging Strike
0-1: Foul Ball, location: 7LDF
0-2: Fly out, F7 (Flyball, 78S, EV 91.3 MPH)
Bottom of the 7th over - 0 runs, 0 hits, 0 errors, 1 left on base; San Francisco 2 - Las Vegas 7
TOP OF THE 8TH
San Francisco Giants batting - Pitching for Las Vegas Hustle : RHP Adam Gilles
Batting: LHB Kevin Shaw 0-0: Foul Ball, location: 5FF
0-1: Ball
1-1: Hit by Pitch
Batting: LHB Eric Plaunt 0-0: Called Strike
0-1: Grounds into double play, 3-6-1 (Groundball, 34, EV 104.4 MPH)
Batting: LHB Lindsay Foreman 0-0: SINGLE (Flyball, 8RS, EV 96.3 MPH)
Batting: LHB Bryce Bissinger 0-0: Called Strike
0-1: Called Strike
0-2: Ball
1-2: Fly out, F8 (Flyball, 8RD, EV 99.4 MPH)
Top of the 8th over - 0 runs, 1 hit, 0 errors, 1 left on base; San Francisco 2 - Las Vegas 7
BOTTOM OF THE 8TH
Las Vegas Hustle batting - Pitching for San Francisco Giants : LHP Nate Torgerson
Batting: SHB Josh Osborne 0-0: Swinging Strike
0-1: Ball
1-1: Called Strike
1-2: Strikes out swinging, 2-3 out at first.
Batting: SHB Jose Espinoza 0-0: Called Strike
0-1: Ball
1-1: Called Strike
1-2: Ball
2-2: Ball
3-2: Strikes out swinging
Batting: RHB Jeff Loggins 0-0: Fly out, F9 (Flyball, 9, EV 86.3 MPH)
Bottom of the 8th over - 0 runs, 0 hits, 0 errors, 0 left on base; San Francisco 2 - Las Vegas 7
TOP OF THE 9TH
San Francisco Giants batting - Pitching for Las Vegas Hustle : RHP Adam Gilles
Now at 1B: Steve Lawler
Now at 3B: Josh Osborne
Now at SS: Leonardo Sosa
Now in LF: Norge Carlos Hernandez
Batting: RHB Dave Melton 0-0: Foul Ball, location: 9LDF
0-1: Ball
1-1: SINGLE (Groundball, 3S, EV 67.5 MPH) (infield hit)
Batting: RHB Erik Mulloy 0-0: Ground out 5-3 (Groundball, 56S, EV 65.6 MPH)
Dave Melton to second
Batting: RHB Masataka Kato 0-0: Ball
1-0: Fly out, F8 (Flyball, 8RXD, EV 110.6 MPH)
Runner from 2nd tags up, SAFE at 3rd, no throw by CF
Batting: LHB Daniel Cipolla 0-0: Ball
1-0: Swinging Strike
1-1: Swinging Strike
1-2: Strikes out swinging
Top of the 9th over - 0 runs, 1 hit, 0 errors, 1 left on base; San Francisco 2 - Las Vegas 7
Sunday, April 14th , 2024 - OOTP Baseball 24.11 Build 85